 Dungeon Crawl Stone Soup version 0.25.1-1-g288607f (webtiles) character file.

Game seed: 11576983917405829718

51 Gadfly the Insei (level 3, -1/29 HPs)
             Began as a Demonspawn Monk on July 21, 2020.
             Slain by a kobold
             ... wielding a +2 short sword of holy wrath
              (2 damage)
             ... on level 2 of the Dungeon.
             The game lasted 00:01:24 (1470 turns).

Gadfly the Insei (Demonspawn Monk)                  Turns: 1470, Time: 00:01:24

Health: -1/29      AC:  5    Str: 12    XL:     3   Next: 57%
Magic:  3/3        EV: 14    Int: 11    God:
Gold:   107        SH:  0    Dex: 21    Spells: 2/2 levels left

rFire    . . .     SeeInvis .     - Unarmed
rCold    . . .     Gourm    .   (no shield)
rNeg     . . .     Faith    .   a - +0 robe
rPois    .         Spirit   .   l - +0 helmet
rElec    .         Reflect  .   (no cloak)
rCorr    .         Harm     .   (no gloves)
MR       .....                  (no boots)
Stlth    ++........             (no amulet)
HPRegen  0.09/turn              m - +6 ring of dexterity
MPRegen  0.08/turn              (no ring)

@: berserk cooldown, slowed, very slow
A: yellow scales 1
a: no special abilities


You were on level 2 of the Dungeon.
You were not hungry.

You visited 1 branch of the dungeon, and saw 2 of its levels.

You collected 107 gold pieces.

Inventory:

Armour
 a - a +0 robe (worn)
 l - a +0 helmet (worn)
Jewellery
 m - a +6 ring of dexterity (left hand)
Scrolls
 c - a scroll of noise {unknown}
 e - a scroll of magic mapping
 f - a scroll of random uselessness {unknown}
 h - a scroll of fear {unknown}
 j - 3 scrolls of identify {unknown}
 k - a scroll of enchant armour {unknown}
Potions
 d - a potion of magic {unknown}
 i - a potion of stabbing {unknown}
 n - a potion of brilliance {unknown}
Comestibles
 b - 4 rations


   Skills:
 + Level 3.3 Fighting
 + Level 1.0 Armour
 - Level 2.9 Dodging
 - Level 1.7 Stealth
 * Level 3.5 Unarmed Combat


You had 2 spell levels left.
You didn't know any spells.
Your spell library was empty.

Dungeon Overview and Level Annotations

Branches:
Dungeon (2/15)

Altars:


Innate Abilities, Weirdness & Mutations

You are partially covered in yellow scales. (AC +2)


Message History

You hit the gnoll.
The gnoll is almost dead.
The gnoll hits you with a +0 whip.
* * * LOW HITPOINT WARNING * * *
You punch the gnoll!
You kill the gnoll!
Your Armour skill increases to level 1!
You hit the leopard gecko.
You kill the leopard gecko!
The gnoll barely misses you. The kobold completely misses you.
Things that are here:
a +0 whip; a leopard gecko corpse You feel a strong urge to attack something.
You are no longer berserk.
You are exhausted.
You feel yourself slow down.
The kobold hits you with a +2 short sword of holy wrath.
* * * LOW HITPOINT WARNING * * *
You convulse.
You die...

### #.########### #.!gg..K@...#
#.#########.# #.#.. ..#.#
#g#.#####.#.# ##### #.#.#...#.#.#
#...###K#.#.#<#.#.#
###...#.......###.#.##########
......g.......'...............
..............#####.#.######.####


You could see 2 gnolls and a kobold.

Vanquished Creatures
  A gnoll (D:2)
  A dart slug (D:1)
  2 leopard geckos (D:2)
  A giant cockroach (D:1)
  2 goblins (D:1)
  5 hobgoblins (D:1)
  7 jackals (D:1)
  2 kobolds
  3 bats
  3 frilled lizards
  6 rats (D:1)
33 creatures vanquished.

Notes
Turn   | Place    | Note
-------+----------+-------------------------------------------
     0 | D:1      | Gadfly the Demonspawn Monk began the quest for the Orb.
     0 | D:1      | Reached XP level 1. HP: 18/18 MP: 1/1
   349 | D:1      | Gained mutation: You are partially covered in yellow
                  | scales. (AC +2) [demonic ancestry]
   349 | D:1      | Reached XP level 2. HP: 24/24 MP: 2/2
   945 | D:1      | Reached XP level 3. HP: 27/29 MP: 3/3
  1463 | D:2      | Reached skill level 1 in Armour
  1470 | D:2      | HP: 1/29 [kobold/+2 short sword of holy wrath (1)]
  1470 | D:2      | Slain by a kobold

Illustrated notes

Levels and vault maps discovered:
D:1:      heliophobic_arrival_battle_scene, layout_loops_ring
D:2:      layout_basic, old_standard_altar, nicolae_overflow_hidden_temple,
          first_ration

Skill      XL: |  1  2  3 |
---------------+----------+-----
Unarmed Combat | 3 |  3.5
Armour         | 1 |  1.0
Fighting       | |  3.3
Dodging        | |  2.9
Stealth        | |  1.7

Action                   || total
-------------------------++-------
Melee: Unarmed           ||   129
       Punch             ||     1
  Use: Scroll            ||     1
       Potion            ||     1
 Stab: Sleeping          ||     3
  Eat: Chunk             ||     2
Armor: Robe              ||    27
Dodge: Dodged            ||    90
